 Dungeon Crawl Stone Soup version 0.28-a0-43-g560ac104fe (webtiles) character file.

Game seed: 15716263521718026477

410 Demosthentine the Poker (level 6, -7/48 HPs)
             Began as a Merfolk Gladiator on July 28, 2021.
             Mangled by Menkaure (19 damage)
             ... on level 4 of the Dungeon.
             The game lasted 00:04:55 (4265 turns).

Demosthentine the Poker (Merfolk Gladiator)         Turns: 4265, Time: 00:04:55

Health: -7/48      AC:  4    Str: 16    XL:     6   Next: 89%
Magic:  0/6        EV: 16    Int:  7    God:
Gold:   124        SH:  0    Dex: 22    Spells: 5/5 levels left

rFire   . . .      SeeInvis .   p - +0 trident (vorpal)
rCold   . . .      Faith    .   (no shield)
rNeg    . . .      Spirit   +   b - +0 leather armour
rPois   .          Reflect  .   c - +0 helmet
rElec   .          Harm     .   (no cloak)
rCorr   .          Rampage  .   (no gloves)
Will    +....                   (no boots)
Stlth   ++........              n - amulet of guardian spirit
HPRegen 0.16/turn               l - +6 ring of dexterity
MPRegen 0.10/turn               a - ring of willpower

@: no status effects
A: (nimble swimmer 2), mertail
a: no special abilities


You were on level 4 of the Dungeon.
You visited 1 branch of the dungeon, and saw 4 of its levels.

You collected 124 gold pieces.

Inventory:

Hand Weapons
 p - a +0 vorpal trident (weapon)
Armour
 b - a +0 leather armour (worn)
 c - a +0 helmet (worn)
 q - a +0 buckler
Jewellery
 a - a ring of willpower (right hand)
 l - a +6 ring of dexterity (left hand)
 n - an amulet of guardian spirit (around neck)
Wands
 k - a wand of flame (25)
Scrolls
 f - 3 scrolls of teleportation
Potions
 e - a potion of attraction
 i - a potion of flight {unknown}
 j - a potion of heal wounds {unknown}
 m - a potion of invisibility {unknown}
 r - a potion of magic {unknown}


   Skills:
 + Level 4.1 Fighting
 + Level 6.4 Polearms
 - Level 2.0 Throwing
 + Level 2.1 Armour
 + Level 5.8 Dodging
 + Level 1.9 Shields


You had 5 spell levels left.
You didn't know any spells.
Your spell library contained the following spells:

 Spells                   Type           Power      Damage    Failure   Level
 Fireball                 Conj/Fire      0%         3d3       100%        5
 Starburst                Conj/Fire      0%         8x6d3     100%        6
 Ignition                 Fire           0%         3d3       100%        8


Dungeon Overview and Level Annotations

Branches:
Dungeon (4/15)
 Temple: D:4-7

Altars:
Okawaru

Annotations:
D:4 Menkaure


Innate Abilities, Weirdness & Mutations

((You are quick and stealthy near water. (Stealth+, EV+, Speed+++)))
Your lower body shifts to a powerful aquatic tail in water.


Message History

There is an entrance to an ossuary on this level.
Hurry and find it before the portal is buried!
A hound, a goblin and Menkaure come into view.
The goblin shouts!
Found 10 gold pieces and a spear.
Found an iron altar of Okawaru.
Found a stone staircase leading down.
There is a stone staircase leading up here.
Okay, then.
Menkaure shouts!
You reach to attack!
You puncture the goblin!
You kill the goblin!
No target in view!
No target in view!
No target in view!
Menkaure calls on the powers of darkness!
Your body is wracked with pain!
Menkaure gestures wildly while chanting.
Menkaure seems to speed up.
You hit Menkaure.
Menkaure is moderately damaged.
Menkaure hits you. Menkaure hits you but does no damage.
You are too injured to fight recklessly!
You are too injured to fight recklessly!
You are too injured to fight recklessly!
You are too injured to fight recklessly!
You are too injured to fight recklessly!
You are too injured to fight recklessly!
You hit Menkaure.
Menkaure is moderately damaged.
Menkaure hits you!
* * * LOW HITPOINT WARNING * * *
You barely miss Menkaure.
Menkaure is moderately damaged.
Menkaure closely misses you.
Throw: throwing net
Press: ? - help, Q - select action, (/) - cycle Shift-Dir - straight line, f - Menkaure
Aim: Menkaure (moderately damaged, fast, 79% to hit)
You throw a throwing net.
The throwing net barely misses Menkaure.
Menkaure hits you!!
You die...

.. ... ..######.
#........ .####
#........
......########....h...
#.....@M)....(...#
#########.....)..#
###..$....#
#..<......#
......#.......#
.#####....M....
.......... #.......#._
#..........


You could see Menkaure (fast).

Vanquished Creatures
  Sigmund (D:3)
  An ogre (D:3)
  An orc priest (D:3)
  Natasha (twice) (D:2)
  Robin (D:2)
  3 adders
  4 worms
  4 orcs (D:3)
  5 endoplasms
  A giant cockroach (D:2)
  6 hobgoblins
  2 quokkas (D:2)
  4 ball pythons
  6 bats
  2 frilled lizards
  6 goblins
  A kobold (D:2)
  8 rats
58 creatures vanquished.

Vanquished Creatures (others)
  A plant (D:1)
1 creature vanquished.

Grand Total: 59 creatures vanquished

Notes
Turn   | Place    | Note
-------+----------+-------------------------------------------
     0 | D:1      | Demosthentine the Merfolk Gladiator began the quest for the
                  | Orb.
     0 | D:1      | Reached XP level 1. HP: 16/16 MP: 1/1
   170 | D:1      | Reached XP level 2. HP: 23/23 MP: 2/2
   385 | D:1      | Found a faded altar of an unknown god.
   978 | D:2      | Reached XP level 3. HP: 12/28 MP: 3/3
  1198 | D:2      | Noticed Robin
  1204 | D:2      | Reached skill level 5 in Polearms
  1218 | D:2      | Killed Robin
  1219 | D:2      | Reached skill level 1 in Armour
  1521 | D:2      | Noticed Natasha
  1537 | D:2      | Killed Natasha
  1538 | D:2      | Reached XP level 4. HP: 23/35 MP: 4/4
  1822 | D:2      | Noticed Natasha
  1880 | D:2      | Killed Natasha
  1881 | D:2      | Reached skill level 5 in Dodging
  2436 | D:3      | Noticed an ogre
  2449 | D:3      | Killed an ogre
  2450 | D:3      | Reached XP level 5. HP: 7/41 MP: 5/5
  2929 | D:3      | Reached skill level 1 in Shields
  2959 | D:3      | Reached XP level 6. HP: 36/48 MP: 6/6
  3179 | D:3      | Reached skill level 6 in Polearms
  3368 | D:3      | Noticed Sigmund
  3420 | D:3      | Killed Sigmund
  4245 | D:4      | Found an iron altar of Okawaru.
  4245 | D:4      | Noticed Menkaure
  4265 | D:4      | Mangled by Menkaure

Illustrated notes

Levels and vault maps discovered:
D:1:      dpeg_arrival_three_same_balls, layout_basic,
          shapermc_ecumenical_altar_acropolis, serial_bayou_pond_d,
          minmay_close_crescents
D:2:      layout_loops_ring, chequers_serial_rivers_micro_c, minivault_27,
          minmay_tetromino_s2, uniq_robin, uniq_natasha
D:3:      layout_basic, uniq_sigmund
D:4:      layout_rooms, chequers_temple_overflow_statue_of_worship,
          nicolae_ossuary_entry_giza, chequers_serial_rivers_small_3,
          uniq_menkaure

Skill      XL: |  1  2  3  4  5  6 |
---------------+-------------------+-----
Polearms       | 5 6 |  6.4
Armour         | 1 2 |  2.1
Fighting       | 3 4 |  4.1
Dodging        | 5 |  5.8
Shields        | 1 |  1.9
Throwing       | |  2.0

Action                   |  1- 3 |  4- 6 || total
-------------------------+-------+-------++-------
Melee: Trident           |   106 |   118 ||   224
       Unarmed           |       |    15 ||    15
Throw: Throwing net      |       |     3 ||     3
  Use: Scroll            |     2 |     4 ||     6
       Potion            |       |     4 ||     4
 Stab: Sleeping          |     1 |     3 ||     4
Armor: Leather armour    |    23 |     9 ||    32
Dodge: Dodged            |    47 |    50 ||    97

Table legend: (Time is in decaauts)
 A = Elapsed time spent in this place.
 B = Non-inter-level travel time spent in this place.
 C = Inter-level travel time spent in this place.
 D = Time resting spent in this place.
 E = Time spent auto-exploring this place.
 F = Levels seen in this place.
 G = Mean time per level.
                   A        B        C        D        E       F      G
               +--------+--------+--------+--------+--------+-----+--------+
         Total |   4264 |   4098 |    166 |      0 |   3600 |   4 | 1066.0 |
       Dungeon |   4264 |   4098 |    166 |      0 |   3600 |   4 | 1066.0 |
               +--------+--------+--------+--------+--------+-----+--------+

Top non-repeatable levels by time:
     D:3: 1867 daAuts
     D:2: 1772 daAuts
     D:1: 604 daAuts
     D:4: 19 daAuts
